[Event "ICC tourney 2037 (45 10)"]
[Site "Internet Chess Club"]
[Date "2020.10.04"]
[Round "4"]
[White "leilei8514"]
[Black "leonlunachen"]
[Result "1-0"]
[ICCResult "Black resigns"]
[WhiteElo "1464"]
[BlackElo "1366"]
[Opening "Robatsch defense"]
[ECO "B06"]
[NIC "KF.05"]
[Time "12:03:09"]
[TimeControl "2700+10"]

1. e4 g6 2. d4 Bg7 3. Nc3 c5 4. Nf3 Qb6 5. Nd5 Qd8 6. c3 e6 7. Ne3 cxd4 8.
cxd4 d5 9. exd5 exd5 10. Qb3 Nf6 11. Bb5+ Nc6 12. Bd2 a6 13. Be2 Ne4 14. Bc3
Nxc3 15. bxc3 Be6 16. Qxb7 Qc8 17. Qxc8+ Rxc8 18. Bxa6 Rc7 19. Bb5 O-O 20.
a4 Na7 21. Kd2 Nxb5 22. axb5 Rfc8 23. b6 Rb7 24. Rhb1 Rcb8 25. Ra6 Bf8 26.
c4 dxc4 27. d5 Bf5 28. Nxf5 gxf5 29. Nd4 Bc5 30. Nc6 Rxb6 31. Raxb6 Rxb6 32.
Rxb6 Bxb6 33. d6 Kf8 34. d7 h6 35. d8=Q+ Bxd8 36. Nxd8 Ke8 37. Nc6 Kd7 38.
Nd4 Kd6 39. Nxf5+ Kc5 40. Nxh6 Kb4 41. Nxf7 Kb3 42. Ne5 c3+ 43. Kc1 c2 44.
Nd3 Kc3 45. Ne1 Kb3 46. Nxc2 Kc3 47. Kd1 Kd3 48. Nb4+ Kc3 49. Ke2 Kxb4 50.
Ke3 Kc5 51. Ke4 Kd6 52. Kf5 Ke7 53. Kg6 Kf8 54. h4 Kg8 55. h5 Kh8 56. f4 Kg8
57. f5 Kf8 58. h6 Kg8 59. f6 Kh8 60. g4 Kg8 61. h7+ Kh8 62. Kf5 Kxh7 63. Ke6
Kg8 64. Ke7 Kh7 65. g5 Kg8 66. g6 Kh8 67. g7+ Kg8 68. f7+ Kxg7 69. f8=Q+ Kg6
70. Qf4 Kg7 71. Qg5+ Kh7 72. Kf7 {Black resigns} 1-0

[Event "ICC tourney 2037 (45 10)"]
[Site "Internet Chess Club"]
[Date "2020.10.04"]
[Round "4"]
[White "smashattack"]
[Black "venkataralla"]
[Result "0-1"]
[ICCResult "White checkmated"]
[WhiteElo "1446"]
[BlackElo "1484"]
[Opening "King's Indian: 5.Nf3"]
[ECO "E90"]
[NIC "KI.22"]
[Time "12:03:03"]
[TimeControl "2700+10"]

1. d4 Nf6 2. c4 g6 3. Nc3 Bg7 4. e4 d6 5. Nf3 Nbd7 6. Be2 O-O 7. Bg5 h6 8.
Be3 Ng4 9. Bd2 e5 10. h3 exd4 11. Nb5 Ngf6 12. Nbxd4 Nxe4 13. O-O Ne5 14.
Rb1 Nxf3+ 15. Nxf3 Bf5 16. Be3 Re8 17. Nd4 Bd7 18. Bf3 Qh4 19. Bxe4 Rxe4 20.
Nf3 Qh5 21. Re1 Bxh3 22. Nd2 Rg4 23. g3 Be5 24. Qf3 Re8 25. Bf4 Re6 26. Bxe5
dxe5 27. Qxb7 Rd4 28. Ne4 Qf3 29. Nc5 e4 30. Qc8+ Kh7 31. Nxe6 Qg2#
{White checkmated}
0-1

[Event "ICC tourney 2037 (45 10)"]
[Site "Internet Chess Club"]
[Date "2020.10.04"]
[Round "4"]
[White "Aarya0327"]
[Black "ritheshraj"]
[Result "0-1"]
[ICCResult "White checkmated"]
[WhiteElo "1219"]
[BlackElo "1342"]
[Opening "Giuoco Piano: Greco's attack"]
[ECO "C54"]
[NIC "IG.02"]
[Time "12:03:08"]
[TimeControl "2700+10"]

1. e4 e5 2. Nf3 Nc6 3. Bc4 Bc5 4. c3 Nf6 5. d4 exd4 6. cxd4 Bb4+ 7. Nc3 Nxe4
8. O-O O-O 9. Nxe4 Re8 10. Ng3 d5 11. Bd3 Bg4 12. h3 Bxf3 13. Qxf3 Nxd4 14.
Qh5 g6 15. Qd1 Bd6 16. Be3 Nc6 17. Qb3 Na5 18. Qc3 Nc6 19. Bh6 Be5 20. Qd2
Qh4 21. Qg5 Bxg3 22. fxg3 Qd4+ 23. Rf2 Qxd3 24. Qf6 Qd4 25. Qxf7+ Kh8 26.
Qf6+ Qxf6 27. Rxf6 d4 28. Bd2 Re2 29. Rf2 Rxf2 30. Kxf2 Re8 31. Re1 Rxe1 32.
Kxe1 Kg7 33. Bf4 Kf6 34. Bxc7 Kf5 35. Bf4 Ke4 36. Kd2 h5 37. Bg5 a6 38. a3
d3 39. b4 Nd4 40. a4 Nb3+ 41. Kc3 Nd4 42. Bf6 Ne2+ 43. Kd2 Nxg3 44. Bg5 Nf1+
45. Ke1 Ne3 46. Kd2 Nxg2 47. h4 Nf4 48. Bxf4 Kxf4 49. Kxd3 Kg4 50. b5 Kxh4
51. bxa6 bxa6 52. Kc4 g5 53. Kc5 g4 54. Kb6 g3 55. Kxa6 g2 56. Kb6 g1=Q+ 57.
Kb5 Qb1+ 58. Ka6 Qd3+ 59. Ka7 Qd4+ 60. Ka8 Qxa4+ 61. Kb8 Qc6 62. Ka7 Kg4 63.
Kb8 Qd7 64. Ka8 Kf4 65. Kb8 Ke4 66. Ka8 Kd4 67. Kb8 Kc5 68. Ka8 Kc6 69. Kb8
Kb6 70. Ka8 Qa7# {White checkmated} 0-1

[Event "ICC tourney 2037 (45 10)"]
[Site "Internet Chess Club"]
[Date "2020.10.04"]
[Round "4"]
[White "sillytiger"]
[Black "JacksonCompton"]
[Result "1-0"]
[ICCResult "Black checkmated"]
[WhiteElo "1325"]
[BlackElo "1237"]
[Opening "English: Carls' Bremen system"]
[ECO "A22"]
[NIC "EO.10"]
[Time "12:03:07"]
[TimeControl "2700+10"]

1. c4 e5 2. Nc3 Nf6 3. g3 Nc6 4. Bg2 Bc5 5. Nf3 d5 6. cxd5 Nxd5 7. O-O Nf6
8. d3 h6 9. Bd2 Bg4 10. a3 O-O 11. b4 Bb6 12. b5 Nd4 13. Nxe5 a6 14. Bxb7
Ra7 15. bxa6 Bh3 16. Re1 Re8 17. Nc4 Bc5 18. e3 Ne6 19. d4 Bb6 20. Qf3 Nf8
21. Nb5 Rxb7 22. axb7 Qb8 23. a4 Bg4 24. Qg2 Ng6 25. a5 Ba7 26. a6 Bd7 27.
Nxa7 Qxa7 28. Bb4 Qb8 29. a7 Qxa7 30. Rxa7 Kh7 31. Ra8 Rh8 32. Rxh8+ Kxh8
33. b8=Q+ Kh7 34. Ne5 Be8 35. Nxg6 fxg6 36. Be7 c6 37. Bxf6 Kh8 38. Qxe8+
Kh7 39. Qf7 c5 40. Qxg7# {Black checkmated} 1-0

[Event "ICC tourney 2037 (45 10)"]
[Site "Internet Chess Club"]
[Date "2020.10.04"]
[Round "4"]
[White "NathanLuhur"]
[Black "arjunbupeshnath"]
[Result "0-1"]
[ICCResult "White checkmated"]
[WhiteElo "1104"]
[BlackElo "916"]
[Opening "Two knights defense"]
[ECO "C58"]
[NIC "KP.01"]
[Time "12:03:02"]
[TimeControl "2700+10"]

1. e4 e5 2. Nf3 Nc6 3. Bc4 Nf6 4. Ng5 d5 5. exd5 Na5 6. Bb5+ c6 7. dxc6 bxc6
8. Ba4 h6 9. Nf3 e4 10. Ne5 Qd5 11. Nxf7 Qxf7 12. d4 exd3 13. Qxd3 Bd7 14.
Nc3 Bc5 15. a3 Nb7 16. b4 Bd6 17. Be3 Qh5 18. Bb3 Nd8 19. Qxd6 Nf7 20. Bxf7+
Qxf7 21. Qe5+ Be6 22. Ne4 Nxe4 23. Qxe4 O-O 24. O-O Bd5 25. Qg4 Qf6 26. Rac1
Rae8 27. c4 Be4 28. Rcd1 Re6 29. Bc5 Rfe8 30. h3 Qf7 31. Rfe1 Bf5 32. Qf4
Rxe1+ 33. Rxe1 Rxe1+ 34. Kh2 Re4 35. Qd2 Rxc4 36. Qd8+ Kh7 37. Bxa7 Qxa7 38.
g4 Qxf2+ 39. Kh1 Be4# {White checkmated} 0-1

[Event "ICC tourney 2037 (45 10)"]
[Site "Internet Chess Club"]
[Date "2020.10.04"]
[Round "4"]
[White "shawnchicken"]
[Black "waterycargo"]
[Result "1-0"]
[ICCResult "Black resigns"]
[WhiteElo "1336"]
[BlackElo "1271"]
[Opening "QGD: Neo-orthodox variation, 7.Bh4"]
[ECO "D56"]
[NIC "QO.13"]
[Time "12:03:02"]
[TimeControl "2700+10"]

1. d4 d5 2. c4 e6 3. Nc3 Nf6 4. Bg5 Be7 5. Nf3 h6 6. Bh4 O-O 7. e3 Nbd7 8.
Bd3 b6 9. O-O Bb7 10. cxd5 exd5 11. a4 c5 12. Re1 Rc8 13. Rc1 Ne4 14. Bxe7
Qxe7 15. Bb5 a6 16. Bxd7 Qxd7 17. dxc5 Nxc3 18. Rxc3 bxc5 19. Qc2 c4 20. Nd4
Rfe8 21. Rd1 Qe7 22. Nf5 Qe5 23. Rd4 Bc6 24. Rg4 Qf6 25. Nxg7 Kf8 26. Qh7 d4
27. Nf5 Qxf5 28. Rg8+ Ke7 29. Rxe8+ Rxe8 30. Qxf5 dxc3 31. bxc3 Rb8 32. Qe5+
Kd7 33. Qxb8 Bxa4 34. Qa7+ Kd8 35. Qxa6 Bd7 36. Qxc4 Ke8 37. Qf4 Ke7 38.
Qxh6 Ke8 39. Qg7 Ke7 40. h4 Ke8 41. h5 Ke7 42. h6 Ke8 43. h7 Ke7 44. Qg5+
Kd6 45. h8=Q Kc7 46. Qc5+ {Black resigns} 1-0

[Event "ICC tourney 2037 (45 10)"]
[Site "Internet Chess Club"]
[Date "2020.10.04"]
[Round "5"]
[White "ritheshraj"]
[Black "shawnchicken"]
[Result "0-1"]
[ICCResult "White checkmated"]
[WhiteElo "1291"]
[BlackElo "1343"]
[Opening "Giuoco Piano"]
[ECO "C54"]
[NIC "IG.02"]
[Time "14:34:27"]
[TimeControl "2700+10"]

1. e4 e5 2. Nf3 Nc6 3. Bc4 Bc5 4. c3 Nf6 5. d3 d6 6. O-O O-O 7. Re1 Bg4 8.
h3 Bh5 9. d4 exd4 10. cxd4 Nxd4 11. Nbd2 Qd7 12. b3 Bb4 13. Be2 Nxe2+ 14.
Qxe2 Rfe8 15. Qc4 a5 16. a3 Bxd2 17. Nxd2 d5 18. Qc2 Bg6 19. f3 dxe4 20.
fxe4 Qd4+ 21. Kh1 Qxa1 22. Qxc7 Rac8 23. Qxa5 Rxc1 24. Nf3 Rxe1+ 25. Nxe1
Bxe4 26. Kh2 Qe5+ 27. Qxe5 Rxe5 28. Kh1 Rg5 29. Kh2 Nd5 30. h4 Rg6 31. Kh3
Nf4+ 32. Kh2 Nxg2 33. Nxg2 Rxg2+ 34. Kh3 Ra2 35. a4 Ra3 36. Kg4 Bf5+ 37.
Kxf5 Rxb3 38. Ke5 Rb4 39. Kd5 Rxa4 40. Kd6 Rxh4 41. Kd7 Rc4 42. Ke7 Kh8 43.
Kxf7 b5 44. Ke6 b4 45. Kd5 Rc1 46. Kd4 b3 47. Kd3 b2 48. Kd2 b1=Q 49. Ke3
Qb4 50. Kd3 Rc3+ 51. Kd2 Qb2+ 52. Kd1 Rc1# {White checkmated} 0-1

[Event "ICC tourney 2037 (45 10)"]
[Site "Internet Chess Club"]
[Date "2020.10.04"]
[Round "5"]
[White "Vineesh"]
[Black "Aarya0327"]
[Result "1-0"]
[ICCResult "Black checkmated"]
[WhiteElo "1121"]
[BlackElo "1166"]
[Opening "Ruy Lopez: exchange variation, 5.O-O"]
[ECO "C68"]
[NIC "RL.08"]
[Time "14:34:43"]
[TimeControl "2700+10"]

1. e4 e5 2. Nf3 Nc6 3. Bb5 a6 4. Bxc6 dxc6 5. O-O Bd6 6. d3 h6 7. Nc3 Bg4 8.
h3 Bh5 9. Be3 Qf6 10. Kh1 Bxf3 11. Qxf3 Qxf3 12. gxf3 Nf6 13. Rg1 O-O-O 14.
Rxg7 Rdf8 15. Rg2 h5 16. Rag1 Rfg8 17. Rxg8+ Nxg8 18. Rg5 f6 19. Rg1 Ne7 20.
b3 Bb4 21. Ne2 Rg8 22. Rxg8+ Nxg8 23. Ng3 h4 24. Nf5 Ne7 25. Nxh4 Ng8 26.
Nf5 Ne7 27. Nxe7+ Bxe7 28. Kg1 Kd7 29. Kf1 Bb4 30. Ke2 Ke8 31. Bd2 Bc5 32.
Be3 Bb4 33. f4 exf4 34. Bxf4 Kf7 35. Bxc7 Kg6 36. f3 Kh5 37. Kf2 Kh4 38. Kg2
Be1 39. Bb6 Bc3 40. Bf2+ Kg5 41. a3 Bb2 42. a4 Be5 43. Be3+ Kh4 44. d4 Bg3
45. d5 cxd5 46. exd5 Bd6 47. Bf2+ Kg5 48. Bg3 Bc5 49. d6 Bb6 50. c4 f5 51.
h4+ Kf6 52. b4 Ke6 53. c5 Bd8 54. b5 a5 55. c6 bxc6 56. bxc6 Bxh4 57. c7 Kd5
58. c8=Q Bxg3 59. Kxg3 Kxd6 60. Qxf5 Kc6 61. Kf2 Kd6 62. Ke3 Kc6 63. Kd4 Kb7
64. Qf6 Ka8 65. Qf7 Kb8 66. Kc5 Kc8 67. Kd6 Kb8 68. Kc6 Ka8 69. Kb6 Kb8 70.
Qc7+ Ka8 71. Qc8# {Black checkmated} 1-0

[Event "ICC tourney 2037 (45 10)"]
[Site "Internet Chess Club"]
[Date "2020.10.04"]
[Round "5"]
[White "greasyaluminum"]
[Black "arjunbupeshnath"]
[Result "1-0"]
[ICCResult "Black checkmated"]
[WhiteElo "1414"]
[BlackElo "916"]
[Opening "Two knights defense (Modern bishop's opening)"]
[ECO "C55"]
[NIC "IG.01"]
[Time "14:34:27"]
[TimeControl "2700+10"]

1. e4 e5 2. Nf3 Nc6 3. Bc4 Nf6 4. d3 h6 5. Nc3 Bc5 6. Be3 Bb6 7. h3 d6 8.
O-O Be6 9. Bb3 O-O 10. d4 exd4 11. Nxd4 Qd7 12. Nxc6 bxc6 13. Qf3 Kh7 14.
Rad1 Rfd8 15. Ne2 a5 16. c3 Qe7 17. Bc2 Nd7 18. Nd4 Ne5 19. Qg3 Qf6 20. f4
Nc4 21. e5+ Qg6 22. Bxg6+ fxg6 23. Bf2 Nxb2 24. Nxe6 Bxf2+ 25. Qxf2 Nxd1 26.
Rxd1 Rd7 27. f5 Re8 28. fxg6+ Kg8 29. Nc5 Rde7 30. exd6 cxd6 31. Rxd6 Rf8
32. Qxf8+ Kxf8 33. Ne6+ Ke8 34. Rd8# {Black checkmated} 1-0

[Event "ICC tourney 2037 (45 10)"]
[Site "Internet Chess Club"]
[Date "2020.10.04"]
[Round "5"]
[White "waterycargo"]
[Black "JacksonCompton"]
[Result "1-0"]
[ICCResult "Black resigns"]
[WhiteElo "1300"]
[BlackElo "1166"]
[Opening "Queen's pawn: London system"]
[ECO "A45"]
[NIC "QP.07"]
[Time "14:34:29"]
[TimeControl "2700+10"]

1. d4 Nf6 2. Bf4 g6 3. e3 Bg7 4. Nf3 O-O 5. Be2 d5 6. O-O Nc6 7. c4 Bf5 8.
Nc3 Qd7 9. Qb3 e6 10. Qxb7 Rab8 11. Qxc7 Qxc7 12. Bxc7 Rbc8 13. Bg3 dxc4 14.
Bxc4 Rfe8 15. Bb5 Red8 16. Ne5 Nxe5 17. Bxe5 Nd7 18. Bxg7 Kxg7 19. e4 Bg4
20. f3 Bh5 21. g4 Bxg4 22. fxg4 Nf6 23. g5 Nh5 24. Rad1 h6 25. gxh6+ Kxh6
26. Rxf7 Ng7 27. Rxa7 Rf8 28. Rf1 Rg8 29. Rf3 {Black resigns} 1-0

[Event "ICC tourney 2037 (45 10)"]
[Site "Internet Chess Club"]
[Date "2020.10.04"]
[Round "5"]
[White "venkataralla"]
[Black "ChessPower100"]
[Result "1-0"]
[ICCResult "Black checkmated"]
[WhiteElo "1487"]
[BlackElo "1322"]
[Opening "Benoni: 6.e4"]
[ECO "A65"]
[NIC "BI.38"]
[Time "14:34:25"]
[TimeControl "2700+10"]

1. d4 Nf6 2. c4 c5 3. d5 e6 4. Nc3 exd5 5. cxd5 d6 6. e4 g6 7. Bd3 Bg7 8.
Nge2 Nbd7 9. Bg5 Ne5 10. Bc2 h6 11. Bh4 O-O 12. h3 Re8 13. O-O Bxh3 14. f4
Nc4 15. Qd3 Bxg2 16. Kxg2 Nb6 17. Qg3 Qc8 18. f5 g5 19. Bxg5 hxg5 20. Qxg5
Nh7 21. Qg3 Nc4 22. f6 Nxf6 23. Rxf6 Ne3+ 24. Kf2 Ng4+ 25. Kf3 Nxf6 26. Rg1
Nh5 27. Qh4 Re5 28. Nf4 Nxf4 29. Kxf4 Qd8 30. Qh6 Qf8 31. Ne2 f5 32. Ke3
fxe4 33. Nf4 Rf5 34. Bxe4 Re8 35. Ne6 Rxe6 36. dxe6 Qf6 37. Qxg7+ Qxg7 38.
Rxg7+ Kxg7 39. Bxf5 Kf6 40. Ke4 Ke7 41. Kd5 a6 42. a3 a5 43. a4 Kd8 44. Kxd6
c4 45. e7+ Ke8 46. Bg6# {Black checkmated} 1-0

[Event "ICC tourney 2037 (45 10)"]
[Site "Internet Chess Club"]
[Date "2020.10.04"]
[Round "5"]
[White "leonlunachen"]
[Black "sillytiger"]
[Result "0-1"]
[ICCResult "White checkmated"]
[WhiteElo "1299"]
[BlackElo "1330"]
[Opening "Sicilian: O'Kelly variation"]
[ECO "B28"]
[NIC "SI.43"]
[Time "14:34:33"]
[TimeControl "2700+10"]

1. e4 c5 2. Nf3 a6 3. d4 cxd4 4. Nxd4 Nf6 5. Nc3 e5 6. Nf3 Bb4 7. Bg5 Bxc3+
8. bxc3 d6 9. Bc4 O-O 10. h4 h6 11. Bxf6 Qxf6 12. g4 Bxg4 13. Be2 Nd7 14.
Rb1 Nc5 15. Nd2 Bxe2 16. Qxe2 Qe7 17. Qg4 Rad8 18. Rg1 Qf6 19. c4 Kh8 20.
Nf1 Qg6 21. Qxg6 fxg6 22. Rxg6 Nxe4 23. Rg2 Rd7 24. Ng3 Nc5 25. Kd2 Rf4 26.
Nh5 Rxh4 27. Ng3 Rxc4 28. Rbg1 Rg4 29. Nf5 Rxg2 30. Rxg2 Kh7 31. f3 Rf7 32.
Ne3 Rxf3 33. Ke2 Rf7 34. Rg1 g5 35. Rd1 Ne4 36. Ke1 h5 37. Nc4 Rf6 38. a4
Kg6 39. Rb1 Rf7 40. Rd1 Kf5 41. Nxd6+ Nxd6 42. Rxd6 g4 43. Rh6 Kg5 44. Re6
h4 45. Rxe5+ Kf4 46. Re2 g3 47. Kf1 Kg4+ 48. Kg1 h3 49. Re4+ Rf4 50. Rxf4+
Kxf4 51. c4 g2 52. a5 Kf3 53. c5 Kg3 54. c6 h2# {White checkmated} 0-1

[Event "ICC tourney 2037 (45 10)"]
[Site "Internet Chess Club"]
[Date "2020.10.04"]
[Round "5"]
[White "leilei8514"]
[Black "smashattack"]
[Result "1/2-1/2"]
[ICCResult "Game drawn by mutual agreement"]
[WhiteElo "1458"]
[BlackElo "1442"]
[Opening "Sicilian: closed, Korchnoi variation"]
[ECO "B23"]
[NIC "SI.44"]
[Time "14:34:26"]
[TimeControl "2700+10"]

1. e4 c5 2. Nc3 e6 3. g3 d5 4. exd5 exd5 5. d4 Nf6 6. Bg2 Be6 7. Nge2 Nc6 8.
O-O Be7 9. dxc5 Bxc5 10. Nf4 d4 11. Nce2 O-O 12. Bd2 Re8 13. Re1 Bg4 14. h3
Bxe2 15. Rxe2 Ne5 16. b3 Rb8 17. Qe1 Qd6 18. g4 d3 19. cxd3 Nxd3 20. Nxd3
Qxd3 21. Rxe8+ Rxe8 22. Qc1 Bd4 23. Rb1 h6 24. Be1 Ne4 25. Qd1 Nc5 26. Qxd3
Nxd3 27. Kf1 Nf4 28. Bxb7 Nxh3 29. Rd1 Bb6 30. Bc6 Rc8 31. Be4 Ng5 32. Bb1
g6 33. Bd2 Rd8 34. Ke2 Rd4 35. Bxg5 hxg5 36. Rxd4 Bxd4 37. f3 Kf8 38. Kd3
Bb6 39. Kc4 Ke7 40. Be4 Kd6 41. a4 Ke5 42. b4 f5 43. gxf5 gxf5 44. Bb7 Kf4
45. a5 Bf2 46. b5 g4 47. fxg4 Kxg4 48. Kd5 f4 49. b6 axb6 50. axb6 Bxb6 51.
Kc4 Be3 52. Kd3 Kf5 53. Ke2 Ke5 54. Kf3 Kd6 55. Be4 Ke5 56. Ba8 Ba7 57. Be4
Bf2 58. Ba8 Bb6 59. Be4 Bc7 60. Ba8 Kd4 61. Be4 Kc5 62. Ba8 Kb6 63. Be4
{Game drawn by mutual agreement}
1/2-1/2

[Event "ICC tourney 2037 (45 10)"]
[Site "Internet Chess Club"]
[Date "2020.10.04"]
[Round "6"]
[White "greasyaluminum"]
[Black "smashattack"]
[Result "0-1"]
[ICCResult "White checkmated"]
[WhiteElo "1372"]
[BlackElo "1447"]
[Opening "Sicilian: Pin variation (Sicilian counter-attack)"]
[ECO "B41"]
[NIC "SI.41"]
[Time "17:01:53"]
[TimeControl "2700+10"]

1. e4 c5 2. Nf3 e6 3. d4 cxd4 4. Nxd4 Nf6 5. Nc3 Bb4 6. Bd3 Nc6 7. Be3 O-O
8. O-O Bxc3 9. bxc3 d5 10. f3 Re8 11. Bb5 Bd7 12. Kh1 dxe4 13. fxe4 Nxe4 14.
Qf3 f5 15. Bxc6 Bxc6 16. Nxc6 bxc6 17. Rad1 Qc7 18. Bd4 c5 19. Bg1 Rad8 20.
Rxd8 Rxd8 21. g4 Nd2 22. Qf2 Nxf1 23. Qxf1 Rd2 24. Qf3 fxg4 25. Qe4 Rd6 26.
Qa8+ Kf7 27. a3 Qc6+ 28. Qxc6 Rxc6 29. Kg2 Kf6 30. Kg3 h5 31. Kf4 g5+ 32.
Ke4 h4 33. Be3 a6 34. Bf2 c4 35. Bd4+ Kg6 36. Ke5 g3 37. hxg3 hxg3 38. Ke4
Kh5 39. Kf3 Kh4 40. Be5 Rc8 41. Bxg3+ Kh3 42. Be5 g4+ 43. Kf2 g3+ 44. Bxg3
Rf8+ 45. Ke3 Kxg3 46. Kd4 Kf4 47. Kxc4 e5 48. Kd3 Kf3 49. Kd2 e4 50. c4 e3+
51. Ke1 Rb8 52. c3 Rb1# {White checkmated} 0-1

[Event "ICC tourney 2037 (45 10)"]
[Site "Internet Chess Club"]
[Date "2020.10.04"]
[Round "6"]
[White "shawnchicken"]
[Black "venkataralla"]
[Result "1-0"]
[ICCResult "Black checkmated"]
[WhiteElo "1371"]
[BlackElo "1470"]
[Opening "King's Indian: Smyslov system"]
[ECO "E61"]
[NIC "KI.76"]
[Time "17:01:58"]
[TimeControl "2700+10"]

1. d4 Nf6 2. c4 g6 3. Nc3 Bg7 4. Nf3 d6 5. Bg5 O-O 6. e3 Nbd7 7. Qc2 e5 8.
dxe5 dxe5 9. Rd1 Qe7 10. Nd5 Qd8 11. Nxe5 h6 12. Nxf6+ Bxf6 13. Bxf6 Qxf6
14. Nxd7 Bxd7 15. Rxd7 Qg5 16. Rd5 Qf6 17. Be2 c6 18. Rd4 c5 19. Rf4 Qe5 20.
O-O Rae8 21. Bf3 g5 22. Re4 Qf6 23. Rxe8 Rxe8 24. Bxb7 Rb8 25. Bd5 Rxb2 26.
Qa4 Qe7 27. Qa3 Rd2 28. Qb3 Qd8 29. Rd1 Rxd1+ 30. Qxd1 Qa5 31. Qb1 Kg7 32.
Qb2+ Kh7 33. h3 Qc7 34. Qb7 Qxb7 35. Bxb7 f6 36. Kh2 Kg7 37. Kg3 Kf7 38. Kg4
Kg6 39. Be4+ Kg7 40. Kh5 a6 41. a4 a5 42. Bf5 Kf7 43. Kxh6 Ke7 44. Kg6 Kd6
45. Kxf6 g4 46. h4 Kc7 47. h5 Kd8 48. h6 Ke8 49. h7 Kf8 50. h8=Q#
{Black checkmated}
1-0

[Event "ICC tourney 2037 (45 10)"]
[Site "Internet Chess Club"]
[Date "2020.10.04"]
[Round "6"]
[White "JacksonCompton"]
[Black "NathanLuhur"]
[Result "0-1"]
[ICCResult "White checkmated"]
[WhiteElo "1093"]
[BlackElo "1131"]
[Opening "Giuoco Piano"]
[ECO "C50"]
[NIC "IG.02"]
[Time "17:02:31"]
[TimeControl "2700+10"]

1. e4 e5 2. Nf3 Nc6 3. Bc4 Bc5 4. O-O Nf6 5. Nc3 O-O 6. d3 h6 7. Be3 Bb6 8.
Re1 d6 9. h3 Be6 10. Bxe6 fxe6 11. Qd2 Qd7 12. Nh4 Rf7 13. Rf1 d5 14. Rad1
d4 15. Nb5 dxe3 16. fxe3 a6 17. Na3 Raf8 18. Nf3 Rd8 19. Nc4 Qe7 20. Kh1 Ba7
21. b3 b5 22. Nb2 Nh7 23. Qf2 Ng5 24. Rde1 Rdf8 25. Qe2 Nxf3 26. gxf3 Qh4
27. Qg2 Qh5 28. Rf2 Rxf3 29. Rxf3 Rxf3 30. Qh2 Rxh3 31. Re2 Rxh2+ 32. Rxh2
Qf3+ 33. Kg1 Bxe3+ 34. Rf2 Qxf2+ 35. Kh1 Bf4 36. Nd1 Qh2# {White checkmated}
0-1

[Event "ICC tourney 2037 (45 10)"]
[Site "Internet Chess Club"]
[Date "2020.10.04"]
[Round "6"]
[White "Vineesh"]
[Black "leonlunachen"]
[Result "0-1"]
[ICCResult "White resigns"]
[WhiteElo "1095"]
[BlackElo "1312"]
[Opening "Sicilian: closed"]
[ECO "B25"]
[NIC "SI.45"]
[Time "17:02:00"]
[TimeControl "2700+10"]

1. e4 g6 2. Nc3 Bg7 3. d3 c5 4. g3 Nc6 5. Bg2 d6 6. Nge2 Nf6 7. h3 e6 8. f4
e5 9. fxe5 Nxe5 10. Be3 Be6 11. Qd2 b6 12. Qc1 d5 13. exd5 Nxd5 14. Bd2 Rc8
15. Nf4 Nxf4 16. Bxf4 h6 17. Qd2 g5 18. Be3 Qe7 19. Qc1 Bf5 20. Ne4 c4 21.
dxc4 Nxc4 22. Bxb6 axb6 23. O-O Bxb2 24. Qd1 Rd8 25. Qb1 Bxe4 26. Bxe4 Bxa1
27. Qxa1 Ne5 28. Bc6+ Kf8 29. Ba4 Qc5+ 30. Kg2 Qd5+ 31. Kg1 Qd4+ 32. Qxd4
Rxd4 33. Bb3 Ke7 34. Re1 Kd6 35. Kf1 Rd8 36. Kf2 f6 37. Ke3 Kc5 {White
resigns} 0-1

[Event "ICC tourney 2037 (45 10)"]
[Site "Internet Chess Club"]
[Date "2020.10.04"]
[Round "6"]
[White "ChessPower100"]
[Black "waterycargo"]
[Result "1-0"]
[ICCResult "Black resigns"]
[WhiteElo "1353"]
[BlackElo "1261"]
[Opening "French: Fort Knox variation"]
[ECO "C10"]
[NIC "FR.07"]
[Time "17:01:50"]
[TimeControl "2700+10"]

1. e4 e6 2. d4 d5 3. Nc3 dxe4 4. Nxe4 Bd7 5. Nf3 Bc6 6. Bd3 Nd7 7. Nfg5 Ngf6
8. O-O Be7 9. Nxf6+ Nxf6 10. Nf3 O-O 11. Ne5 Be4 12. Bxe4 Nxe4 13. Qd3 Nf6
14. c3 Bd6 15. Qg3 Re8 16. Qf3 Bxe5 17. dxe5 Nd7 18. Qxb7 Nxe5 19. Bf4 f6
20. Bxe5 fxe5 21. Rfe1 Rb8 22. Qxa7 Rxb2 23. Rxe5 Qf6 24. Rae1 Rf8 25. f3
Qg6 26. R5e2 Rxe2 27. Rxe2 Rxf3 28. Qb7 Rf7 29. Qc8+ Rf8 30. Qxe6+ Qf7 31.
Qxf7+ Kxf7 32. Rf2+ Ke7 33. Rxf8 Kxf8 34. a4 Ke7 35. a5 Kd6 36. a6 Kc6 37.
a7 Kb7 38. Kf2 Kxa7 39. Ke3 Kb6 40. Kd4 Kc6 41. Kc4 h6 42. h3 h5 43. h4 g6
44. g3 Kd6 45. Kb5 Kd5 46. c4+ Kd6 47. Kb4 Kc6 48. c5 Kd5 49. Kb5 c6+ 50.
Kb6 Ke4 51. Kxc6 Kf3 52. Kd6 Kxg3 53. c6 Kxh4 54. c7 g5 55. c8=Q g4 56. Qc1
g3 57. Qh1+ Kg4 58. Ke5 h4 59. Ke4 h3 60. Qf3+ Kh4 61. Qf4+ Kh5 62. Qxg3
{Black resigns}
1-0

[Event "ICC tourney 2037 (45 10)"]
[Site "Internet Chess Club"]
[Date "2020.10.04"]
[Round "6"]
[White "ritheshraj"]
[Black "arjunbupeshnath"]
[Result "0-1"]
[ICCResult "White checkmated"]
[WhiteElo "1190"]
[BlackElo "926"]
[Opening "Two knights defense (Modern bishop's opening)"]
[ECO "C55"]
[NIC "IG.01"]
[Time "17:01:42"]
[TimeControl "2700+10"]

1. e4 e5 2. Nf3 Nc6 3. Bc4 Nf6 4. d3 h6 5. O-O Bc5 6. Re1 d6 7. h3 Be6 8.
Bb3 O-O 9. c3 Ne7 10. d4 exd4 11. cxd4 Bb6 12. d5 Bd7 13. Ba4 c6 14. dxc6
Bxc6 15. Bxc6 Nxc6 16. Be3 Re8 17. Bxb6 axb6 18. Nc3 Ra5 19. a3 Qe7 20. Qb3
Nd7 21. Nd5 Qd8 22. Nf4 Nc5 23. Qd5 Nxe4 24. Qd4 Nxd4 25. Nxd4 Qf6 26. Nde2
Qxb2 27. Rab1 Qxa3 28. Rxb6 Nc3 29. Rxb7 Nxe2+ 30. Rxe2 Rxe2 31. Nxe2 Qa1+
32. Kh2 Qe5+ 33. Ng3 Ra3 34. Rb8+ Kh7 35. Rb7 Qf4 36. Rb6 Qxf2 37. Rxd6
Qxg3+ 38. Kg1 Ra1+ 39. Rd1 Rxd1# {White checkmated} 0-1

[Event "ICC tourney 2037 (45 10)"]
[Site "Internet Chess Club"]
[Date "2020.10.04"]
[Round "6"]
[White "sillytiger"]
[Black "leilei8514"]
[Result "0-1"]
[ICCResult "White resigns"]
[WhiteElo "1327"]
[BlackElo "1488"]
[Opening "English: Carls' Bremen system"]
[ECO "A22"]
[NIC "EO.10"]
[Time "17:02:19"]
[TimeControl "2700+10"]

1. c4 e5 2. Nc3 Nf6 3. g3 Nc6 4. Bg2 d6 5. Nf3 Be7 6. O-O Be6 7. d3 O-O 8.
Bd2 Qd7 9. Ng5 h6 10. Nxe6 fxe6 11. a3 a6 12. b4 d5 13. Rb1 Nd8 14. Qb3 c6
15. Na4 Qc7 16. c5 Nd7 17. Bc3 Bf6 18. Rfd1 b6 19. Bd2 b5 20. Nc3 a5 21. Ra1
a4 22. Qc2 Nf7 23. Rf1 Bg5 24. f4 exf4 25. Bxf4 Bxf4 26. Rxf4 Ng5 27. Raf1
Rxf4 28. Rxf4 Rf8 29. Rxf8+ Nxf8 30. d4 e5 31. Bxd5+ cxd5 32. Nxb5 Qc6 33.
Qxa4 exd4 34. Qa7 Qxb5 35. Qe7 Ne4 36. Kf1 Qa4 37. Qh4 Qd1+ 38. Kg2 Qxe2+
39. Kh3 Ng5+ 40. Qxg5 hxg5 {White resigns} 0-1